 Dungeon Crawl Stone Soup version 0.29-a0-1052-g6990b1bffc (webtiles) character file.

Game seed: 3133773895199761615

529 nicolae the Skirmisher (level 7, 0/56 HPs)
             Began as a Minotaur Hunter on Aug 17, 2022.
             Succumbed to a gnoll sergeant's poison
             ... on level 6 of the Dungeon.
             The game lasted 00:07:16 (4350 turns).

nicolae the Skirmisher (Minotaur Hunter)            Turns: 4350, Time: 00:07:16

Health: 0/56       AC:  3    Str: 16    XL:     7   Next: 3%
Magic:  6/6        EV: 12    Int:  6    God:
Gold:   234        SH:  0    Dex: 15    Spells: 6/6 levels left

rFire   . . .      SeeInvis .   a - +0 shortbow
rCold   . . .      Faith    .   (shield currently unavailable)
rNeg    . . .      Spirit   .   c - +0 leather armour
rPois   .          Reflect  .   (helmet restricted)
rElec   .          Harm     .   (no cloak)
rCorr   .          Rampage  .   (no gloves)
Will    .....                   (no boots)
Stlth   +.........              (no amulet)
HPRegen 0.18/turn               (no ring)
MPRegen 0.10/turn               (no ring)

@: lethally poisoned (0 -> -16)
A: horns 2, retaliatory headbutt
a: no special abilities


You were on level 6 of the Dungeon.
You visited 1 branch of the dungeon, and saw 6 of its levels.

You collected 234 gold pieces.

Inventory:

Hand Weapons
 a - a +0 shortbow (weapon)
Missiles
 p - 5 poisoned darts
Armour
 c - a +0 leather armour (worn)
 j - a +0 pair of gloves
Wands
 v - a wand of roots (5)
Scrolls
 b - 4 scrolls of immolation
 d - a scroll of torment {unknown}
 g - 2 scrolls of enchant weapon {unknown}
 h - a scroll of blinking
 l - a scroll of amnesia {unknown}
 m - 3 scrolls of fear
 o - a scroll of teleportation {unknown}
 t - a scroll of vulnerability {unknown}
 w - 2 scrolls of brand weapon {unknown}
Potions
 e - 2 potions of heal wounds
 f - a potion of brilliance
 i - a potion of magic
 k - 3 potions of haste
 n - a potion of might {unknown}
 q - a potion of flight {unknown}
 r - a potion of ambrosia {unknown}
 x - a potion of lignification {unknown}


   Skills:
 - Level 2.4 Fighting
 + Level 9.3 Ranged Weapons
 - Level 2.1 Dodging
 - Level 0.7 Stealth


You had 6 spell levels left.
You didn't know any spells.
Your spell library contained the following spells:

 Spells                   Type           Power      Damage    Failure   Level
 Gell's Gravitas          Tloc           0%         N/A       88%         3
 Teleport Other           Tloc           0%         N/A       88%         3
 Freezing Cloud           Conj/Ice/Air   0%         6-21      100%        5
 Dispersal                Tloc           0%         N/A       100%        6
 Simulacrum               Ice/Necr       0%         N/A       100%        6
 Polar Vortex             Ice            0%         N/A       100%        9


Dungeon Overview and Level Annotations

Branches:
Dungeon (7/15)             Temple (0/1) D:4

Altars:
Cheibriados
Uskayaw

Shops:
D:3 (

Annotations:
D:4 1 runed translucent door, xian's ghost, novice DEHu


Innate Abilities, Weirdness & Mutations

You have a pair of horns on your head.
You reflexively headbutt those who attack you in melee.


Message History

As you read the scroll of blinking, it crumbles to dust.
You feel very sick.
Found a scorched turquoise ring.
You feel very sick.
You feel sick.
You feel sick.
You feel sick.
You feel sick.
You see here a +0 pair of gloves.
j - a +0 pair of gloves You feel sick.
You are too injured to fight recklessly!
You are too injured to fight recklessly!
Fire: a) +0 shortbow
Press: ? - help, Q - select action, (/) - cycle Shift-Dir - straight line, f - gnoll sergeant
Aim: a gnoll sergeant, wielding a +0 spear of venom, wearing a +0 scale mail and wearing a +0 buckler (moderately wounded, 71% to hit)
You shoot an arrow. The arrow hits the gnoll sergeant.
The gnoll sergeant is heavily wounded.
You feel sick.
Fire: a) +0 shortbow
Press: ? - help, Q - select action, (/) - cycle Shift-Dir - straight line, f/p - gnoll sergeant
Aim: a gnoll sergeant, wielding a +0 spear of venom, wearing a +0 scale mail and wearing a +0 buckler (heavily wounded, 71% to hit)
You shoot an arrow. The gnoll sergeant blocks the arrow.
You feel sick.
Aiming: Fastroot
Press: ? - help, Shift-Dir - straight line, f/p - gnoll sergeant
Aim: a gnoll sergeant, wielding a +0 spear of venom, wearing a +0 scale mail and wearing a +0 buckler (heavily wounded)
The roots erupt in riotous growth!
Roots grab the gnoll sergeant.
The grasping roots constrict the gnoll sergeant.
You feel sick.
You are no longer poisoned.
You hear a shout! x5
Something shouts, "Remove thy stench, thou foppish toenail-biting mule!"
The gnoll sergeant hits you from afar with a +0 spear of venom.
* * * LOW HITPOINT WARNING * * *
You are lethally poisoned!
You hear a shout! x2
The grasping roots constrict the gnoll sergeant.
You die...

..#.......#
..#.......#
..#...>...#
.##.......#.
.##.......#..
..........#..#
..........#..#
.##.......#..#######
.##.......#.....@..#
.##.......#........#
..........#..g..#+##
..........#.g...#
...[......#.....+
....(.g.........#
####.###.###....#
.g# # # #.#.....
..)# #.#......


You could see a gnoll sergeant (rooted) and a gnoll.

Vanquished Creatures
  Sigmund (D:3)
  A black bear (D:4)
  2 hounds (D:4)
  An iguana (D:4)
  Natasha (twice) (D:3)
  Robin (D:2)
  A gnoll (D:6)
  2 adders
  A worm (D:2)
  A dart slug (D:1)
  2 orcs
  7 ball pythons
  10 endoplasms
  4 giant cockroaches
  16 goblins
  8 hobgoblins
  2 jackals (D:1)
  7 kobolds
  2 quokkas
  4 bats
  2 frilled lizards (D:1)
  6 rats
83 creatures vanquished.

Vanquished Creatures (others)
  A demonic plant (D:2)
1 creature vanquished.

Grand Total: 84 creatures vanquished

Notes
Turn   | Place    | Note
-------+----------+-------------------------------------------
     0 | D:1      | nicolae the Minotaur Hunter began the quest for the Orb.
     0 | D:1      | Reached XP level 1. HP: 18/18 MP: 0/0
   202 | D:1      | Reached XP level 2. HP: 25/25 MP: 1/1
   203 | D:1      | Reached skill level 5 in Ranged Weapons
   338 | D:1      | Found a faded altar of an unknown god.
  1127 | D:2      | Reached XP level 3. HP: 30/30 MP: 2/2
  1148 | D:2      | Found a snail-covered altar of Cheibriados.
  1161 | D:2      | Noticed Robin
  1263 | D:2      | Killed Robin
  1264 | D:2      | Reached skill level 6 in Ranged Weapons
  1686 | D:2      | Reached XP level 4. HP: 36/37 MP: 3/3
  2149 | D:3      | Noticed Sigmund
  2170 | D:3      | Killed Sigmund
  2171 | D:3      | Reached skill level 7 in Ranged Weapons
  2171 | D:3      | Reached XP level 5. HP: 17/42 MP: 4/4
  2575 | D:3      | Reached skill level 8 in Ranged Weapons
  2587 | D:3      | Found Gugum's Antique Weapon Boutique.
  2682 | D:3      | Reached XP level 6. HP: 50/50 MP: 5/5
  2730 | D:3      | Noticed Natasha
  2738 | D:3      | Killed Natasha
  2776 | D:3      | Noticed a +0 dagger
  2776 | D:3      | Noticed a +0 hand axe
  2781 | D:3      | Found a hide-covered altar of Uskayaw.
  2839 | D:3      | Noticed Natasha
  2850 | D:3      | Killed Natasha
  3479 | D:4      | Reached skill level 9 in Ranged Weapons
  3492 | D:4      | Found a snail-covered altar of Cheibriados.
  3512 | D:4      | Found a runed translucent door.
  3512 | D:4      | Noticed xian's ghost (novice DEHu)
  3914 | D:4      | Identified the amulet "Ygaliva" {RegenMP +Blink Will+ Int+3
                  | Slay-3}
  3937 | D:4      | Found a staircase to the Ecumenical Temple.
  4103 | D:4      | Reached XP level 7. HP: 56/56 MP: 6/6
  4275 | D:4      | You fall into a shaft and drop 3 floors!
  4350 | D:6      | Succumbed to a gnoll sergeant's poison

Illustrated notes

Levels and vault maps discovered:
D:1:      grunt_arrival_lava_bath, layout_loops_ring,
          ebering_ecumenical_altar_webs
D:2:      layout_basic, basic_altar, skrybe_limestone_x,
          dreamdust_princess_bridge, chequers_serial_rivers_micro_e,
          dreamdust_princess_corridor, kennysheep_generic_room_9, uniq_robin
D:3:      layout_rooms, dancing_weapons_uskayaw, serial_shops,
          nicolae_shop_stone, uniq_natasha, uniq_sigmund
D:4:      layout_loops_corners, mainiacjoe_overflow_brackets,
          minmay_temple_entry_sparse_star, hellmonk_ghost_happy_afterlife
D:6:      layout_gridville, okawaru_altar_gauntlet_db, general_overflow_altar,
          lemuel_doored_altar, tso_oasis_becter
D:7:      layout_rooms, minmay_checkerbox

Skill      XL: |  1  2  3  4  5  6 |
---------------+-------------------+-----
Ranged Weapons | 5 6 7 8 9 |  9.3
Fighting       | |  2.4
Dodging        | |  2.1
Stealth        | |  0.7

Action                   |  1- 3 |  4- 6 |  7- 9 || total
-------------------------+-------+-------+-------++-------
 Fire: Shortbow          |    94 |    98 |    26 ||   218
Evoke: Wand              |       |       |     1 ||     1
  Use: Scroll            |     2 |     7 |     2 ||    11
       Potion            |       |     1 |     2 ||     3
Armor: Leather armour    |     3 |    13 |       ||    16
Dodge: Dodged            |    14 |    25 |     3 ||    42

Table legend: (Time is in decaauts)
 A = Elapsed time spent in this place.
 B = Non-inter-level travel time spent in this place.
 C = Inter-level travel time spent in this place.
 D = Time resting spent in this place.
 E = Time spent auto-exploring this place.
 F = Levels seen in this place.
 G = Mean time per level.
                   A        B        C        D        E       F      G
               +--------+--------+--------+--------+--------+-----+--------+
         Total |   4393 |   4233 |    160 |    836 |   2909 |   6 |  732.2 |
       Dungeon |   4393 |   4233 |    160 |    836 |   2909 |   6 |  732.2 |
               +--------+--------+--------+--------+--------+-----+--------+

Top non-repeatable levels by time:
     D:4: 1266 daAuts
     D:2: 1134 daAuts
     D:1: 991 daAuts
     D:3: 923 daAuts
     D:6: 61 daAuts
     D:7: 15 daAuts
